 Dungeon Crawl Stone Soup version 0.31-a0-472-g43a2ca8e1b (webtiles) character file.

Game seed: 5997321768866461875

4828 Ethylacetat the Mimic (level 10, -4/106 HPs)
             Began as an Octopode Shapeshifter on Aug 6, 2023.
             Was an Initiate of Gozag.
             Slain by a very large slime creature (34 damage)
             ... on level 9 of the Dungeon.
             The game lasted 00:18:06 (7634 turns).

Ethylacetat the Mimic (Octopode Shapeshifter)       Turns: 7634, Time: 00:18:06

Health: -4/106     AC: 25    Str: 15    XL:     10   Next: 49%
Magic:  0/10       EV:  2    Int: 11    God:    Gozag
Gold:   675        SH:  0    Dex: 16    Spells: 9/9 levels left

rFire   . . .        G - +3 rapier
rCold   . . .        t - orb {light}
rNeg    . . .        (helmet currently unavailable)
rPois   +            F - amulet of guardian spirit
rElec   .            d - +5 ring of evasion
rCorr   .            (no ring)
SInv    .            (no ring)
Will    .....        (no ring)
Stlth   +            (no ring)
HPRegen 0.37/turn    (no ring)
MPRegen 0.12/turn    (no ring)
                     (no ring)

%: guardian spirit
@: tree-form, hasted, glowing, very quick
A: stationary, stasis, torment immunity, boosted hp, almost no armour,
(amphibious), 8 rings, (camouflage 1), (gelatinous body 1), (nimble swimmer 1),
(tentacles)
a: Renounce Religion, Potion Petition, Call Merchant, Bribe Branch


You were on level 9 of the Dungeon.
You worshipped Gozag.
Gozag was pleased with you.
You were a tree.
You visited 2 branches of the dungeon, and saw 10 of its levels.
You also visited: Sewer.

You collected 764 gold pieces.
You paid 89 gold pieces to Gozag.

Inventory:

Hand Weapons
 G - a +3 rapier (weapon)
Missiles
 o - 3 datura-tipped darts (quivered)
 x - 30 poisoned darts
 A - a throwing net
Armour
 t - an orb of light (worn)
Jewellery
 d - a +5 ring of evasion (left branch)
 F - an amulet of guardian spirit (around neck)
Talismans
 b - a beast talisman
Wands
 n - a wand of quicksilver (10)
 C - a wand of roots (1)
 D - a wand of paralysis (4)
 H - a wand of flame (12)
 J - a wand of mindburst (13)
Scrolls
 e - 3 scrolls of blinking {unknown}
 f - a scroll of acquirement {unknown}
 g - 9 scrolls of identify {unknown}
 h - a scroll of fear {unknown}
 p - a scroll of torment {unknown}
 q - 3 scrolls of enchant weapon {unknown}
 u - a scroll of noise {unknown}
 v - a scroll of vulnerability {unknown}
 w - a scroll of poison {unknown}
 y - a scroll of immolation {unknown}
 B - a scroll of amnesia {unknown}
 I - 2 scrolls of revelation {unknown}
Potions
 a - a potion of lignification
 c - a potion of degeneration {unknown}
 i - a potion of enlightenment {unknown}
 j - 2 potions of curing {unknown}
 k - 3 potions of ambrosia
 l - a potion of heal wounds {unknown}
 m - a potion of haste
 r - a potion of resistance {unknown}
 s - a potion of cancellation
 z - 2 potions of mutation {unknown}
 E - a potion of brilliance {unknown}


   Skills:
 + Level 7.6 Fighting
 - Level 2.0 Dodging
 + Level 8.2 Unarmed Combat
 * Level 9.6 Shapeshifting


You had 9 spell levels left.
You didn't know any spells.
Your spell library contained the following spells:

 Spells                   Type           Power      Damage    Failure   Level
 Apportation              Tloc           0%         N/A       34%         1
 Freeze                   Ice            0%         1d3       34%         1
 Sandblast                Erth           0%         2d4       34%         1
 Sting                    Tmut/Pois      0%         1d3       34%         1
 Blink                    Tloc           0%         N/A       47%         2
 Lesser Beckoning         Tloc           0%         N/A       47%         2
 Momentum Strike          Conj/Tloc      0%         3d8       47%         2
 Passwall                 Tmut/Erth      0%         N/A       47%         2
 Poisonous Vapours        Pois/Air       0%         N/A       47%         2
 Frozen Ramparts          Ice            0%         1d1       71%         3
 Hailstorm                Conj/Ice       0%         3d3       71%         3
 Inner Flame              Hex/Fire       0%         N/A       71%         3
 Portal Projectile        Hex/Tloc       0%         N/A       71%         3
 Stone Arrow              Conj/Erth      0%         3d7       71%         3
 Tukima's Dance           Hex            0%         N/A       71%         3
 Flame Wave               Conj/Fire      0%         2d4       98%         4
 Iskenderun's Mystic Bla  Conj/Tloc      0%         2d3       98%         4
 Olgreb's Toxic Radiance  Pois           0%         N/A       98%         4
 Petrify                  Tmut/Erth      0%         N/A       98%         4
 Sticky Flame             Conj/Fire      0%         2d3       98%         4
 Alistair's Intoxication  Tmut/Pois      0%         N/A       100%        5
 Fireball                 Conj/Fire      0%         3d3       100%        5
 Iskenderun's Battlesphe  Conj           0%         2d6       100%        5
 Metabolic Englaciation   Hex/Ice        0%         N/A       100%        5
 Conjure Ball Lightning   Conj/Air       0%         3x3d6     100%        6
 Orb of Destruction       Conj           0%         9d5       100%        7


Dungeon Overview and Level Annotations

Branches:
Dungeon (9/15)             Temple (1/1) D:6           Sewer (visited)
   Lair: D:8-11         Orc: D:9-12

Altars:
Ashenzari
Cheibriados
Dithmenos
Elyvilon
Fedhas
Gozag
Kikubaaqudgha
Makhleb
Nemelex Xobeh
Okawaru
Qazlal
Sif Muna
Trog
Vehumet
Wu Jian
Xom
Zin
The Shining One

Shops:
D:5 *   D:7 (

Annotations:
D:2 1 runed translucent door, Crazy Yiuf
D:9 Erica


Innate Abilities, Weirdness & Mutations

You are a tree.
Your roots penetrate the ground, keeping you stationary.
You cannot be teleported.
You are immune to unholy pain and torment.
Your maximum health is greatly increased.
You cannot wear most types of armour.
((You are amphibious.))
You can wear up to eight rings at the same time.
((Your skin changes colour to match your surroundings (Stealth+).))
((Your rubbery body absorbs attacks. (AC +1, EV +1)))
((You are camouflaged when in or above water. (Stealth+)))
((You have tentacles for arms and can constrict up to eight enemies at once.))


Message History

The bolt of dispelling energy hits Erica!!
Erica is moderately wounded.
A slime creature comes into view.
Two slime creatures merge to form a large slime creature.
Aiming: Mindburst
Press: ? - help, Shift-Dir - straight line, f - large slime creature
Aim: a large slime creature (moderately wounded, haloed, not susceptible)
Okay, then.
Really quaff the potion of lignification?
Your transformation has ended.
You turn into a tree.
Your roots penetrate the ground.
Two slime creatures merge to form a very large slime creature.
Hit: G) +3 rapier
Press: ? - help, Dir - move target, f - very large slime creature, p - Erica
Aim: a very large slime creature (moderately wounded, haloed, about 3% to evade your +3 rapier)
Okay, then.
It was a potion of ambrosia.
You are confused.
You feel invigorated.
The very large slime creature hits you!!!
It was a potion of haste.
You feel yourself speed up. The very large slime creature hits you!
It was a potion of cancellation.
Your magical effects are unravelling.
You feel magically purged.
You feel less wooden.
You turn into a hulking beast.
You feel less invigorated.
You feel yourself slow down.
You feel less confused.
Really quaff the potion of lignification? [Y]es or [N]o only, please.
Really quaff the potion of lignification?
Your transformation has ended.
You turn into a tree.
Your roots penetrate the ground.
The very large slime creature hits you!!!
* * * LOW HITPOINT WARNING * * *
Okay, then.
You feel yourself speed up.
The very large slime creature hits you!!!
You die...
Your body crumbles into a pile of gold.

$ # #.##### ..
#.....# ...
#.###.### ....
#....<'.## ...>.
#.#####..##J.....
##.♣J@.....
####...... #+###


You could see Erica, a very large slime creature and a slime creature.

Vanquished Creatures
  Maurice (D:8)
  A gargoyle (D:7)
  A hornet (D:8)
  Grum (D:8)
  3 yaks (D:8)
  A steam dragon (D:7)
  2 wyverns
  Menkaure (D:4)
  A water moccasin (D:7)
  Duvessa (D:7)
  2 sky beasts
  3 ice beasts
  An ogre (D:5)
  2 wolves (D:8)
  A phantom (D:4)
  A gnoll sergeant (D:5)
  4 scorpions
  11 wights (D:8)
  Dowan (D:7)
  5 hounds
  2 jellies
  2 orc priests
  6 iguanas
  A gnoll bouda (D:8)
  2 sleepcaps
  Ijyb (D:3)
  An orc wizard (D:5)
  6 adders
  8 gnolls
  14 river rats (Sewer)
  2 white imps (D:7)
  7 dart slugs
  3 worms
  20 orcs
  10 ball pythons
  4 bats
  6 endoplasms
  6 giant cockroaches
  5 goblins
  7 hobgoblins
  9 jackals
  22 kobolds
  2 quokkas
  A frilled lizard (Sewer)
  17 rats
208 creatures vanquished.

Vanquished Creatures (collateral kills)
  A gnoll (D:3)
  A goblin (D:3)
2 creatures vanquished.

Vanquished Creatures (others)
  A gnoll (D:3)
1 creature vanquished.

Grand Total: 211 creatures vanquished

Notes
Turn   | Place    | Note
-------+----------+-------------------------------------------
     0 | D:1      | Ethylacetat the Octopode Shapeshifter began the quest for
                  | the Orb.
     0 | D:1      | Reached XP level 1. HP: 13/13 MP: 1/1
   108 | D:1      | Reached XP level 2. HP: 14/18 MP: 2/2
   425 | D:1      | Reached XP level 3. HP: 14/23 MP: 3/3
   715 | D:2      | Found a blossoming altar of Fedhas.
   993 | D:2      | Found a runed translucent door.
   994 | D:2      | Identified the +1 hammer of Ashenzari, Freezing {pain,
                  | Str+3 Int+4}
   994 | D:2      | Noticed Crazy Yiuf
  1061 | D:3      | Found a white marble altar of Elyvilon.
  1260 | D:3      | Noticed Ijyb
  1270 | D:3      | Killed Ijyb
  1271 | D:3      | Reached XP level 4. HP: 18/29 MP: 4/4
  1347 | D:3      | Reached skill level 4 in Shapeshifting
  1574 | D:3      | Reached XP level 5. HP: 16/34 MP: 5/5
  1962 | D:4      | Found a glowing drain.
  1990 | Sewer    | Entered a sewer
  2042 | Sewer    | Reached XP level 6. HP: 41/41 MP: 6/6
  2850 | D:4      | Reached skill level 5 in Shapeshifting
  2850 | D:4      | Reached XP level 7. HP: 43/46 MP: 7/7
  3131 | D:4      | Noticed Menkaure
  3146 | D:4      | Killed Menkaure
  3334 | D:4      | Reached skill level 5 in Unarmed Combat
  3599 | D:5      | Entered Level 5 of the Dungeon
  3670 | D:5      | Reached skill level 6 in Shapeshifting
  3670 | D:5      | Reached XP level 8. HP: 25/54 MP: 8/8
  3963 | D:5      | Found Zin's Purification Station.
  3968 | D:5      | Found a glowing silver altar of Zin.
  4737 | D:5      | Reached skill level 5 in Fighting
  4947 | D:6      | Reached skill level 7 in Shapeshifting
  5007 | D:6      | Found a staircase to the Ecumenical Temple.
  5433 | Temple   | Entered the Ecumenical Temple
  5441 | Temple   | Became a worshipper of Gozag Ym Sagoz the Greedy
  5556 | D:6      | Reached XP level 9. HP: 57/61 MP: 9/9
  5874 | D:7      | Found Gyiger's Weapon Boutique.
  6150 | D:7      | Noticed Dowan
  6151 | D:7      | Noticed Duvessa
  6169 | D:7      | Killed Duvessa
  6174 | D:7      | Killed Dowan
  6309 | D:7      | Noticed a gargoyle
  6319 | D:7      | Killed a gargoyle
  6320 | D:7      | Reached skill level 8 in Shapeshifting
  6756 | D:8      | Noticed a hornet
  6765 | D:8      | Killed a hornet
  6831 | D:8      | Noticed Maurice
  6835 | D:8      | Killed Maurice
  6836 | D:8      | Reached XP level 10. HP: 65/71 MP: 10/10
  6840 | D:8      | Reached skill level 9 in Shapeshifting
  7200 | D:8      | Noticed Grum
  7208 | D:8      | Killed Grum
  7626 | D:9      | Noticed Erica
  7634 | D:9      | Slain by a very large slime creature

Illustrated notes

Levels and vault maps discovered:
D:1:      minmay_arrival_up_and_down, layout_rooms, minmay_misc_feat_rugged
D:2:      layout_basic, basic_altar, grunt_decor_mini_mirrors,
          uniq_crazy_yiuf_cottage
D:3:      layout_loops_ring, mainiacjoe_overflow_paths, uniq_ijyb
D:4:      layout_basic, cheibrodos_sewer_entry_drain, uniq_menkaure
D:5:      layout_loops_ring, zin_purify, minmay_misc_feat_secret_circle
D:6:      layout_basic, minmay_temple_entry_mist, hangedman_abyss_or_decor_stabs
D:7:      cheibrodos_helix_gallery, layout_loops_ring, serial_shops,
          nicolae_shop_tiny_waterfront, chequers_serial_rivers_room_a,
          uniq_duvessa
D:8:      layout_rooms, uniq_grum, uniq_maurice
D:9:      layout_roguey, minitemple, nicolae_ru_sacrificial_ziggurat,
          lemuel_zombie_altar_yredelemnul, erik_orc_4, uniq_erica
Temple:   compressed_dpeg_triangle_lava_temple

Skill      XL: |  1  2  3  4  5  6  7  8  9 10 |
---------------+-------------------------------+-----
Fighting       | 2 3 4 5 7 |  7.6
Shapeshifting  | 4 5 6 7 8 9 |  9.6
Unarmed Combat | 4 5 6 7 8 |  8.2
Dodging        | |  2.0

Action                     |  1- 3 |  4- 6 |  7- 9 | 10-12 || total
---------------------------+-------+-------+-------+-------++-------
  Melee: Unarmed           |    65 |   133 |   154 |    14 ||   366
         Constrict         |    17 |    42 |    43 |    15 ||   117
         Tentacles         |    11 |    32 |    33 |    22 ||    98
         Punch             |     2 |     7 |    11 |     3 ||    23
         Rapier            |       |       |       |    38 ||    38
  Throw: Dart              |       |     7 |   105 |     1 ||   113
  Evoke: Wand              |       |       |    19 |    16 ||    35
    Use: Potion            |       |       |       |     6 ||     6
   Stab: Sleeping          |     6 |     6 |       |       ||    12
         Paralysed         |       |       |     7 |     3 ||    10
 Armour: Skin              |     1 |     9 |     3 |       ||    13
  Dodge: Dodged            |    38 |   107 |   112 |    29 ||   286

Table legend: (Time is in decaauts)
 A = Elapsed time spent in this place.
 B = Non-inter-level travel time spent in this place.
 C = Inter-level travel time spent in this place.
 D = Time resting spent in this place.
 E = Time spent auto-exploring this place.
 F = Levels seen in this place.
 G = Mean time per level.
                   A        B        C        D        E       F      G
               +--------+--------+--------+--------+--------+-----+--------+
         Total |   7608 |   7413 |    195 |    143 |   5898 |  11 |  691.6 |
       Dungeon |   6760 |   6572 |    188 |     16 |   5427 |   9 |  751.1 |
        Temple |     16 |      9 |      7 |      0 |      0 |   1 |   16.0 |
         Sewer |    830 |    830 |      0 |    127 |    471 |   1 |  830.0 |
               +--------+--------+--------+--------+--------+-----+--------+

Top non-repeatable levels by time:
     D:5: 1076 daAuts
     D:7: 1036 daAuts
     D:6: 987 daAuts
     D:4: 890 daAuts
     D:8: 869 daAuts
     D:3: 858 daAuts
   Sewer: 830 daAuts
     D:1: 615 daAuts
     D:2: 407 daAuts
     D:9: 19 daAuts
  Temple: 16 daAuts
